AoeStats
← AIDOS

Black Forest

509831373Analyzed
2v2 RM · 3d ago on Sep 28, 2026· 92m 23s· 4 players
Game mode
Random Map
Map size
Medium (4 player)
Population
200
Speed
Normal
Resources
Standard
Victory
Conquest
Starting age
Dark Age
Ending age
Imperial Age
RankedLock teamsTeams togetherTeam positionsShared explorationLock speedFull tech treeHidden civsTurbo modeCheats
Victory
Defeat
🇫🇷 Byzantines · France
868
+16
🇦🇲 Khmer · Armenia
841
+17
🇺🇸 Persians · United States
885
-18
🇦🇺 Portuguese · Australia
827
-39
Grunch
6:01 Loom
13:46 Feudal Age
15:01 Wheelbarrow
14:08 Horse Collar
14:14 Double-Bit Axe
21:37 Forging
24:12 Castle Age
22:30 Gold Mining
22:34 Stone Mining
23:22 Fletching
25:40 Hand Cart
26:21 Gold Shaft Mining
26:09 Bow Saw
26:00 Town Watch
26:55 Stone Shaft Mining
28:08 Town Patrol
28:14 Heavy Plow
30:48 Bodkin Arrow
30:59 Scale Barding Armor
30:38 Pikeman
37:03 Imperial Age
37:11 Chain Barding Armor
37:26 Iron Casting
36:54 Scale Mail Armor
36:57 Padded Archer Armor
39:09 Elite Skirmisher
40:37 Halberdier
42:21 Chain Mail Armor
43:07 Blast Furnace
42:08 Bracer
46:07 Plate Barding Armor
45:50 Leather Archer Armor
46:10 Bloodlines
46:00 Husbandry
74:51 Double Crossbow
76:14 Chemistry
75:35 Ballistics
77:11 Crop Rotation
77:28 Ring Archer Armor
77:17 Capped Ram
77:35 Cavalier
82:12 Plate Barding Armor
81:35 Man-at-Arms
82:00 Arson
83:45 Murder Holes
84:01 Masonry
83:26 Elite Battle Elephant
83:28 Light Cavalry
84:06 Long Swordsman
85:15 Siege Engineers
86:35 Two-Handed Swordsman
88:15 Architecture
87:59 Fortified Wall
87:46 Guard Tower
87:34 Elite Ballista Elephant
88:49 Hoardings
88:42 Siege Ram
90:02 Hussar
Bélisaire
0:28 Loom
14:54 Feudal Age
17:40 Double-Bit Axe
17:47 Gold Mining
17:39 Horse Collar
22:52 Castle Age
26:07 Caravan
26:29 Bow Saw
25:45 Pikeman
26:26 Squires
26:14 Arson
28:00 Gold Shaft Mining
27:26 Stone Mining
31:36 Imperial Age
31:19 Stone Shaft Mining
30:48 Heavy Plow
31:12 Husbandry
31:15 Scale Mail Armor
31:26 Forging
31:09 Fletching
33:26 Wheelbarrow
32:18 Capped Ram
35:07 Hand Cart
35:34 Conscription
35:50 Iron Casting
35:31 Chain Mail Armor
35:52 Elite Varangian Guard
37:56 Bodkin Arrow
41:45 Elite Skirmisher
42:48 Ballistics
43:29 Chemistry
42:31 Bracer
43:02 Plate Mail Armor
43:38 Logistica
45:27 Block Printing
46:02 Scale Barding Armor
46:10 Elite Cataphract
50:36 Siege Ram
56:50 Padded Archer Armor
62:00 Crop Rotation
60:54 Pikeman
62:35 Greek Fire
62:48 Thumb Ring
63:06 Chain Barding Armor
62:20 Halberdier
71:11 Fervor
71:28 Illumination
71:49 Bombard Tower
75:29 Hoardings
AIDOS
11:46 Feudal Age
16:43 Wheelbarrow
15:54 Town Watch
15:54 Loom
18:30 Double-Bit Axe
18:29 Horse Collar
19:15 Gold Mining
25:13 Castle Age
27:50 Stone Mining
29:24 Stone Shaft Mining
30:03 Bow Saw
31:38 Hand Cart
31:23 Town Patrol
32:09 Scale Mail Armor
32:13 Padded Archer Armor
34:01 Caravan
40:21 Husbandry
40:32 Bloodlines
39:42 Light Cavalry
39:47 Man-at-Arms
40:13 Gambesons
40:14 Arson
53:21 Imperial Age
62:41 Two-Man Saw
66:28 Guilds
77:49 Elite Organ Gun
86:23 Chemistry
85:44 Ballistics
85:14 Guard Tower
85:20 Murder Holes
85:05 Treadmill Crane
85:36 Fortified Wall
85:31 Siege Engineers
85:37 Masonry
85:17 Heated Shot
85:33 Siphons
85:38 Clinker Construction
85:39 Careening
Kris
13:51 Feudal Age
16:16 Double-Bit Axe
16:12 Horse Collar
18:41 Castle Age
17:22 Gold Mining
17:25 Stone Mining
17:38 Gold Mining
19:25 Bow Saw
33:29 Imperial Age
30:49 Town Watch
30:51 Loom
32:12 Wheelbarrow
31:43 Town Patrol
32:09 Ballistics
32:43 Padded Archer Armor
32:33 Fletching
32:53 Kamandaran
32:35 Crossbowman
33:21 Thumb Ring
34:08 Conscription
33:30 Pikeman
35:39 Leather Archer Armor
35:19 Bodkin Arrow
35:30 Scale Barding Armor
37:01 Chemistry
36:38 Hand Cart
35:57 Elite War Elephant
36:21 Halberdier
37:01 Squires
38:20 Stone Shaft Mining
38:20 Gold Shaft Mining
38:09 Husbandry
38:20 Bloodlines
37:30 Light Cavalry
40:14 Heavy Plow
41:18 Two-Man Saw
40:37 Squires
44:08 Devotion
44:06 Murder Holes
49:25 Ring Archer Armor
49:15 Chain Barding Armor
50:26 Citadels
51:09 Heavy Scorpion
55:34 Hussar
58:12 Faith
60:20 Plate Barding Armor
59:46 Scale Mail Armor
61:42 Forging
61:47 Chain Mail Armor
64:06 Coinage
63:36 Caravan
69:56 Plate Mail Armor
70:01 Iron Casting
70:38 Banking
70:19 Guilds
81:05 Blast Furnace
80:24 Masonry
Connection lost

Rejoining the realm…

Still unreachable

The connection could not be restored.

Session expired

The server has moved on; the page needs a fresh start.